 Dungeon Crawl Stone Soup version 0.29.1-15-g9cfb28693d (webtiles) character file.

Game seed: 17733940069524397002

23289 BigDaddyOpFi the Grappler (level 12, -12/124 HPs)
             Began as a Troll Fighter on Feb 22, 2023.
             Was a Priest of Wu Jian.
             Killed by an exploding yak (30 damage)
             ... ignited by their inner flame
             ... on level 1 of the Lair of Beasts.
             The game lasted 00:19:40 (11242 turns).

BigDaddyOpFi the Grappler (Troll Fighter)          Turns: 11242, Time: 00:19:41

Health: -12/124    AC: 15    Str: 27    XL:     12   Next: 70%
Magic:  11/11      EV: 15    Int:  8    God:    Wu Jian [***...]
Gold:   1482       SH: 12    Dex:  9    Spells: 11/11 levels left

rFire   . . .      SeeInvis .     - Unarmed
rCold   . . .      Faith    .   b - +0 kite shield
rNeg    + . .      Spirit   .   M - +3 swamp dragon scales
rPois   +          Reflect  .   D - +0 hat
rElec   .          Harm     .   L - +0 cloak
rCorr   .          Rampage  .   (gloves unavailable)
Will    .....                   (boots unavailable)
Stlth   ..........              (no amulet)
HPRegen 1.10/turn               j - +4 ring of evasion
MPRegen 0.12/turn               N - ring of the Octopus King {rN+ HP+2 AC+2 EV+2 SH+2}

@: no status effects
A: large, unfitting armour, claws 3, regeneration 1, shaggy fur 1, tough skin 1,
hooves 1, sense surroundings 1, screaming 1
a: Renounce Religion, Wall Jump, Serpent's Lash


You were on level 1 of the Lair of Beasts.
You worshipped Wu Jian.
Wu Jian was most pleased with you.
You visited 3 branches of the dungeon, and saw 14 of its levels.
You also visited: Ossuary and Bailey.

You collected 1482 gold pieces.

Inventory:

Hand Weapons
 V - the +11 plutonium sword {Contam Stlth-}
   (You found it on level 11 of the Dungeon)

   It occasionally inflicts wild transmutation effects on those it strikes,
   inflicting malmutation or extra damage, or polymorphing them into a new form.
   Contam:    It causes magical contamination when unequipped.
   Stlth:     It makes you less stealthy.
Missiles
 l - 19 poisoned darts (quivered)
 m - 4 javelins
 P - a throwing net
Armour
 a - a +0 robe
 b - a +0 kite shield (worn)
 D - a +0 hat (worn)
 L - a +0 cloak (worn)
 M - +3 swamp dragon scales (worn)
Jewellery
 j - a +4 ring of evasion (left claw)
 n - a +6 ring of intelligence
 u - an amulet of faith
 v - a ring of willpower
 y - a ring of protection from fire
 N - a ring of the Octopus King (right claw) {rN+ HP+2 AC+2 EV+2 SH+2}
   (You took it off a kobold in a bailey)

   [ring of positive energy]

   AC:        It affects your AC (+2).
   EV:        It affects your evasion (+2).
   rN:        It protects you from negative energy.
   HP:        It affects your health (+2).
   SH:        It affects your SH (+2).
 O - a +4 ring of evasion
Wands
 q - a wand of polymorph (16)
 J - a wand of acid (3)
 K - a wand of digging (2)
 Q - a wand of mindburst (10)
Scrolls
 g - 5 scrolls of amnesia
 h - 3 scrolls of noise
 k - 11 scrolls of teleportation
 o - a scroll of silence
 t - a scroll of magic mapping {unknown}
 x - a scroll of vulnerability {unknown}
 B - 2 scrolls of butterflies
 F - a scroll of poison
 I - a scroll of acquirement {unknown}
 T - a scroll of summoning
 U - a scroll of immolation
 W - 4 scrolls of identify
 X - 2 scrolls of fear
Potions
 c - a potion of might
 d - 6 potions of flight
 e - 4 potions of heal wounds
 f - a potion of resistance
 i - 6 potions of degeneration
 p - 5 potions of lignification
 r - a potion of magic {unknown}
 s - a potion of berserk rage
 w - 2 potions of brilliance
 z - a potion of haste
 A - 3 potions of invisibility
 C - a potion of ambrosia {unknown}
 E - 5 potions of mutation
 G - 2 potions of cancellation {unknown}
 H - 7 potions of curing
Miscellaneous
 R - a tin of tremorstones (2/2)


   Skills:
 + Level 8.9 Fighting
 + Level 7.3 Dodging
 + Level 9.7 Shields
 * Level 14.2 Unarmed Combat


You had 11 spell levels left.
You didn't know any spells.
Your spell library contained the following spells:

 Spells                   Type           Power      Damage    Failure   Level
 Beastly Appendage        Tmut           0%         N/A       77%         1
 Sandblast                Erth           0%         2d4       77%         1
 Shock                    Conj/Air       0%         1d3       77%         1
 Ensorcelled Hibernation  Hex/Ice        0%         N/A       88%         2
 Passwall                 Tmut/Erth      0%         N/A       88%         2
 Poisonous Vapours        Pois/Air       0%         N/A       88%         2
 Static Discharge         Conj/Air       0%         3-3/arc   88%         2
 Wereblood                Tmut           0%         N/A       88%         2
 Dazzling Flash           Conj/Hex       0%         N/A       98%         3
 Spider Form              Tmut/Pois      0%         N/A       98%         3
 Stone Arrow              Conj/Erth      0%         3d7       98%         3
 Swiftness                Air            0%         N/A       98%         3
 Airstrike                Air            0%         2d(0-16)  100%        4
 Animate Armour           Summ/Erth      0%         N/A       100%        4
 Corpse Rot               Necr/Pois/Air  0%         N/A       100%        4
 Dispel Undead            Necr           0%         3d6       100%        4
 Sticky Flame             Conj/Fire      0%         2d3       100%        4
 Agony                    Necr           0%         N/A       100%        5
 Silence                  Hex/Air        0%         N/A       100%        5
 Lehudib's Crystal Spear  Conj/Erth      0%         10d2      100%        8


Dungeon Overview and Level Annotations

Branches:
Dungeon (12/15)            Temple (1/1) D:5            Lair (1/5) D:11
    Orc (0/2) D:10        Ossuary (visited)          Bailey (visited)

Altars:
Ashenzari
Cheibriados
Dithmenos
Elyvilon
Fedhas
Gozag
Hepliaklqana
Kikubaaqudgha
Makhleb
Nemelex Xobeh
Okawaru
Qazlal
Ru
Sif Muna
Trog
Uskayaw
Vehumet
Wu Jian
Xom
Yredelemnul
Zin
The Shining One

Shops:
D:3 :   D:8 **   D:9 (   D:11 ([=

Annotations:
D:11 2 transporters, mkat's ghost, journeyman DECj


Innate Abilities, Weirdness & Mutations

You are too large for most types of armour.
You have claws for hands.
Your natural rate of healing is unusually fast.
You are covered in fur. (AC +1)
You have tough skin. (AC +1)
You have large cloven feet.
You passively map a small area around you.
You occasionally shout uncontrollably at your foes.


Message History

Your yak looks as sick as possible!
Flame seeps out of your yak.
Your yak looks as sick as possible!
Your yak is engulfed in poison gas.
Your yak looks even sicker.
Flame seeps out of your yak.
Your yak is engulfed in poison gas.
Your yak looks even sicker.
Flame seeps out of your yak.
Flame seeps out of your yak. x3; Your yak is engulfed in poison gas.
Your yak looks as sick as possible!
Flame seeps out of your yak.
Your yak is engulfed in poison gas.
Your yak looks as sick as possible!
Flame seeps out of your yak.
Your yak is engulfed in poison gas.
Your yak looks as sick as possible!
Your yak's corpse dissolves into shadows!
Your yak explodes!
The fiery explosion engulfs you!!! The fiery explosion engulfs your yak!!
Your yak's corpse dissolves into shadows!
The fiery explosion engulfs your yak!! Flame seeps out of your yak.
Your yak is severely wounded.
The fiery explosion engulfs your yak!
Your yak's corpse dissolves into shadows!
Your yak explodes!
The fiery explosion engulfs your yak!!!
Your yak's corpse dissolves into shadows!
The fiery explosion engulfs you!
The fiery explosion engulfs your water moccasin!!!
Your water moccasin's corpse dissolves into shadows!
Your water moccasin explodes!
The fiery explosion engulfs you!
The fiery explosion engulfs your cane toad!!
Flame seeps out of your cane toad.
Your cane toad is severely wounded.
Your cane toad dissolves into shadows!
Your yak explodes!
The fiery explosion engulfs you!!
* * * LOW HITPOINT WARNING * * *
Your yak explodes!
The fiery explosion engulfs you!!
You die...

##.........#
##.........
##.....^.. #P.......
###.[.... ##.....
################....
#§§#§§#§§§##.#......
#§§@§§§§§☼##........
#.☼§§§§☼§§§#........
#.§☼§§§§§§☼#........
#§§§§§§§§§§.........
#§§§☼§§§☼☼§.........
#☼☼§§☼☼§☼§§.........
#§§§§§§§§☼§.........
##☼☼§§§☼§☼§.##......
##############P....


There were no monsters in sight!

Vanquished Creatures
  Harold (D:9)
  3 boulder beetles
  A hydra (Lair:1)
  3 two-headed ogres
  2 centaur warriors
  Sonja (D:11)
  2 manticores (D:12)
  Maggie (D:7)
  A yaktaur (D:11)
  A freezing wraith (D:11)
  2 tengu conjurers
  5 komodo dragons
  A troll (D:12)
  The ghost of LustLizard the Firebug, an amateur HOFE (D:5)
  A hornet (D:10)
  3 wyverns
  5 wraiths
  2 shadows
  A human (D:9)
  Grum (D:11)
  32 yaks
  A steam dragon (D:8)
  2 acid dragons (D:10)
  Duvessa (D:6)
  2 water moccasins
  A black bear (D:4)
  10 orc warriors
  2 ice beasts
  3 wolves (D:11)
  12 centaurs
  4 phantoms
  7 bullfrogs
  A kobold brigand (D:7)
  2 gnoll sergeants
  3 scorpions
  2 necrophages
  7 wights
  Dowan (D:6)
  9 killer bees
  5 howler monkeys
  4 hounds
  10 orc priests
  Crazy Yiuf (D:6)
  2 iguanas
  2 jellies (D:5)
  17 orc wizards
  A mummy (D:6)
  12 gnolls
  11 adders
  A white imp (D:7)
  2 ufetubi
  An adder zombie (Ossuary)
  A dart slug (D:1)
  2 worms (D:3)
  42 orcs
  7 bats
  8 endoplasms
  2 giant cockroaches (D:1)
  9 goblins
  17 hobgoblins
  4 jackals (D:4)
  6 quokkas
  9 ball pythons
  A ball python skeleton (Ossuary)
  3 frilled lizards
  A goblin zombie (D:6)
  2 hobgoblin skeletons (Ossuary)
  2 hobgoblin zombies (Ossuary)
  20 kobolds
  A kobold zombie (Ossuary)
  2 orc zombies
  2 rats (D:2)
350 creatures vanquished.

Vanquished Creatures (others)
  An orc wizard (D:7)
  5 plants
6 creatures vanquished.

Grand Total: 356 creatures vanquished

Notes
Turn   | Place    | Note
-------+----------+-------------------------------------------
     0 | D:1      | BigDaddyOpFi the Troll Fighter began the quest for the Orb.
     0 | D:1      | Reached XP level 1. HP: 22/22 MP: 0/0
   248 | D:1      | Reached XP level 2. HP: 29/29 MP: 1/1
   432 | D:1      | Found a faded altar of an unknown god.
   602 | D:1      | Reached XP level 3. HP: 36/36 MP: 2/2
   832 | D:2      | Reached skill level 3 in Unarmed Combat
  1291 | D:2      | Reached XP level 4. HP: 44/44 MP: 3/3
  1614 | D:3      | Found Plog's Book Shoppe.
  1905 | D:3      | Reached skill level 4 in Unarmed Combat
  1905 | D:3      | Reached XP level 5. HP: 51/53 MP: 4/4
  2105 | D:4      | Noticed a black bear
  2111 | D:4      | Killed a black bear
  2143 | D:4      | Reached XP level 6. HP: 44/55 MP: 5/5
  2200 | D:4      | Gained mutation: You are somewhat resistant to further
                  | mutation. [potion of mutation]
  2200 | D:4      | Gained mutation: Your spells are a little harder to cast,
                  | but a little more powerful. [potion of mutation]
  2201 | D:4      | Lost mutation: You are somewhat resistant to further
                  | mutation. [potion of mutation]
  2201 | D:4      | Lost mutation: Your spells are a little harder to cast, but
                  | a little more powerful. [potion of mutation]
  2201 | D:4      | Gained mutation: You occasionally shout uncontrollably at
                  | your foes. [potion of mutation]
  2201 | D:4      | Gained mutation: You have large cloven feet. [potion of
                  | mutation]
  2201 | D:4      | Gained mutation: You passively map a small area around you.
                  | [potion of mutation]
  2385 | D:4      | Reached skill level 5 in Unarmed Combat
  2525 | D:4      | Found a snail-covered altar of Cheibriados.
  2726 | D:5      | Entered Level 5 of the Dungeon
  3030 | D:5      | Reached XP level 7. HP: 68/68 MP: 6/6
  3073 | D:5      | Found a staircase to the Ecumenical Temple.
  3075 | D:5      | Identified the +6 long sword "Loopy" {vorpal, rF+++ rN+
                  | Will- Stlth+}
  3089 | D:5      | Reached skill level 6 in Unarmed Combat
  3106 | Temple   | Entered the Ecumenical Temple
  3274 | D:5      | Found a runed translucent door.
  3284 | D:5      | Noticed LustLizard's ghost (amateur HOFE)
  3396 | D:5      | Killed LustLizard's ghost
  3614 | D:6      | Noticed Duvessa
  3614 | D:6      | Noticed Dowan
  3622 | D:6      | Killed Duvessa
  3623 | D:6      | Reached skill level 5 in Shields
  3623 | D:6      | Reached skill level 7 in Unarmed Combat
  3623 | D:6      | Reached XP level 8. HP: 70/79 MP: 7/7
  3630 | D:6      | Killed Dowan
  3818 | D:6      | Reached skill level 5 in Fighting
  3854 | D:6      | Reached skill level 8 in Unarmed Combat
  3986 | D:6      | Found a sand-covered staircase.
  4000 | Ossuary  | Entered an ossuary
  4091 | Ossuary  | Noticed a flying skull
  4098 | Ossuary  | Noticed a flying skull
  4102 | Ossuary  | Noticed a flying skull
  4345 | Ossuary  | Reached XP level 9. HP: 88/88 MP: 8/8
  4515 | D:6      | Reached skill level 9 in Unarmed Combat
  4574 | D:6      | Found a runed translucent door.
  4575 | D:6      | Noticed Crazy Yiuf
  4760 | D:6      | Found an opulent altar of Gozag.
  4832 | D:6      | Killed Crazy Yiuf
  5275 | D:7      | Noticed Maggie
  5296 | D:7      | Killed Maggie
  5677 | D:8      | Noticed a two-headed ogre
  5685 | D:8      | Killed a two-headed ogre
  5686 | D:8      | Reached skill level 10 in Unarmed Combat
  5686 | D:8      | Reached XP level 10. HP: 74/100 MP: 9/9
  5741 | D:8      | Found a white marble altar of Elyvilon.
  5741 | D:8      | Found a hazy altar of Hepliaklqana.
  5745 | D:8      | Found a broken altar of Ashenzari.
  5750 | D:8      | Found a shimmering altar of Xom.
  5750 | D:8      | Found an iron altar of Okawaru.
  5750 | D:8      | Found a sparkling altar of Nemelex Xobeh.
  5750 | D:8      | Found a shadowy altar of Dithmenos.
  5751 | D:8      | Found an ancient bone altar of Kikubaaqudgha.
  5752 | D:8      | Found a stormy altar of Qazlal.
  5753 | D:8      | Found a shimmering blue altar of Sif Muna.
  5841 | D:8      | Found Xekotiuv's Assorted Antiques.
  5880 | D:8      | Found a flagged portal.
  5930 | Bailey   | Entered a bailey
  6267 | Bailey   | Found the ring of the Octopus King {rN+ HP+2 AC+2 EV+2
                  | SH+2}
  6501 | D:8      | Found Jij Momo's Gadget Gallery.
  6647 | D:8      | Reached skill level 11 in Unarmed Combat
  6835 | D:9      | Found an ornate altar of the Wu Jian Council.
  6842 | D:9      | Became a worshipper of the Wu Jian Council
  6874 | D:9      | Found Cehu's Weapon Shop.
  6987 | D:9      | Noticed Harold
  7001 | D:9      | Killed Harold
  7002 | D:9      | Reached skill level 5 in Dodging
  7168 | D:9      | Reached XP level 11. HP: 55/109 MP: 10/10
  7870 | D:10     | Entered Level 10 of the Dungeon
  8006 | D:9      | Reached * piety under Wu Jian
  8048 | D:10     | Reached skill level 12 in Unarmed Combat
  8253 | D:10     | Found a staircase to the Orcish Mines.
  8431 | D:10     | Noticed a two-headed ogre
  8432 | D:10     | Noticed a centaur warrior
  8438 | D:10     | Killed a two-headed ogre
  8560 | D:10     | Killed a centaur warrior
  8911 | D:11     | You fall into a shaft and drop 1 floor!
  9214 | D:12     | Noticed a two-headed ogre
  9223 | D:12     | Killed a two-headed ogre
  9227 | D:12     | Noticed a boulder beetle
  9249 | D:12     | Killed a boulder beetle
  9250 | D:12     | Reached skill level 13 in Unarmed Combat
  9395 | D:11     | Found a staircase to the Lair.
  9412 | D:11     | Reached ** piety under Wu Jian
  9437 | D:11     | Found Qoinif's Armour Boutique.
  9460 | D:11     | Found Emuil's Weapon Shoppe.
  9480 | D:11     | Reached XP level 12. HP: 120/120 MP: 11/11
  9532 | D:11     | Noticed a boulder beetle
  9553 | D:11     | Killed a boulder beetle
  9697 | D:11     | Noticed Grum
  9707 | D:11     | Killed Grum
  9732 | D:11     | Noticed a boulder beetle
  9745 | D:11     | Killed a boulder beetle
  9897 | D:11     | Noticed Sonja
  9920 | D:11     | Killed Sonja
  9967 | D:11     | Noticed a centaur warrior
  9968 | D:11     | Found the +11 plutonium sword {Contam Stlth-}
  9979 | D:11     | Killed a centaur warrior
 10095 | D:11     | Noticed mkat's ghost (journeyman DECj)
 10096 | D:11     | Noticed a tengu warrior
 10106 | D:11     | Found a bloodstained altar of Trog.
 10109 | D:11     | Found a transporter.
 10124 | D:11     | Found a transporter.
 10344 | D:11     | Found Beigal's Jewellery Shoppe.
 10411 | Lair:1   | Entered Level 1 of the Lair of Beasts
 10432 | D:11     | Reached skill level 14 in Unarmed Combat
 10514 | Lair:1   | Reached *** piety under Wu Jian
 10646 | Lair:1   | Noticed a seven-headed hydra
 10666 | Lair:1   | Killed a ten-headed hydra
 11242 | Lair:1   | Killed by an exploding yak... ignited by their inner flame

Illustrated notes

Levels and vault maps discovered:
D:1:      dpeg_arrival_circle_labyrinth_c, layout_basic,
          chequers_ecumenical_altar_simple
D:2:      layout_loops_ring, minivault_25, minmay_misc_feat_hallway
D:3:      layout_rooms, serial_shops, shop, serial_curves, eino_curves_02,
          eino_curves_04
D:4:      layout_basic, mainiacjoe_overflow_24_doors,
          dreamdust_mushroom_princess, dk_rats_in_the_wall
D:5:      layout_basic, temple_doors_cd, ebering_ghost_sewer_d
D:6:      layout_loops_ring, mainiacjoe_overflow_alcove_2,
          nicolae_ossuary_entry_giza, uniq_duvessa, uniq_crazy_yiuf_cottage
D:7:      layout_loops_ring, uniq_maggie
D:8:      layout_loops_cross, minitemple, serial_shops,
          nicolae_shop_overgrown_old_shop, enter_bailey_5, nicolae_shop_gadgets
D:9:      minmay_flawed_box, layout_grid_maze, old_standard_altar, serial_shops,
          nicolae_shop_hallway_stairs, uniq_harold
D:10:     minmay_clustersquares, layout_basic, erik_orc_4
D:11:     minmay_tri_box, layout_loops_ring, david_lair_shrubbed, serial_shops,
          shop, nicolae_shop_behind_doors, shop, serial_glass, glass_columns_a,
          glass_columns_a, glass_columns_b, glass_columns_a, glass_columns_a,
          glass_columns_b, gammafunk_ghost_wrathful_warriors, uniq_sonja,
          uniq_grum
D:12:     layout_basic
Temple:   nicolae_temple_figure_zero
Lair:1:   layout_hall_layers, st_stairs_9

Skill      XL: |  1  2  3  4  5  6  7  8  9 10 11 12 |
---------------+-------------------------------------+-----
Shields        | 3 4 5 6 7 9 |  9.7
Unarmed Combat | 3 4 5 7 8 10 11 13 14 | 14.2
Fighting       | 3 4 5 6 7 8 |  8.9
Dodging        | 3 5 6 7 |  7.3

Action                   |  1- 3 |  4- 6 |  7- 9 | 10-12 || total
-------------------------+-------+-------+-------+-------++-------
Melee: Unarmed           |    94 |   138 |   261 |   630 ||  1123
       Kick              |       |     9 |    47 |   198 ||   254
Throw: Dart              |       |       |     7 |       ||     7
Invok: Lunge             |       |       |       |    28 ||    28
       Whirlwind         |       |       |       |    24 ||    24
  Use: Scroll            |       |     5 |     2 |    11 ||    18
       Potion            |       |     2 |     7 |     6 ||    15
 Stab: Sleeping          |     1 |       |       |       ||     1
       Invisible         |       |       |     3 |       ||     3
Armor: Robe              |    26 |    32 |    40 |       ||    98
       Swamp dragon scal |       |       |    12 |   167 ||   179
Dodge: Dodged            |    45 |    62 |   115 |   324 ||   546
Block: Kite shield       |    40 |    40 |   102 |   329 ||   511
